 Dungeon Crawl Stone Soup version 0.26-a0-118-g49ad78631c (webtiles) character file.

Game seed: 3465372267798438372

94 Restia the Skirmisher (level 4, -4/37 HPs)
             Began as a Formicid Fighter on June 28, 2020.
             Killed from afar by a white imp (11 damage)
             ... with a puff of frost
             ... summoned by Natasha
             ... on level 2 of the Dungeon.
             The game lasted 00:01:29 (1455 turns).

Restia the Skirmisher (Formicid Fighter)            Turns: 1455, Time: 00:01:30

Health: -4/37      AC:  0    Str: 22    XL:     4   Next: 94%
Magic:  4/4        EV: 13    Int:  7    God:
Gold:   67         SH:  0    Dex: 10    Spells: 3/3 levels left

rFire    . . .     SeeInvis .   (weapon currently unavailable)
rCold    . . .     Faith    .   (shield currently unavailable)
rNeg     . . .     Spirit   .   (armour currently unavailable)
rPois    .         Reflect  .   (helmet unavailable)
rElec    .         Harm     .   (cloak currently unavailable)
rCorr    .                      (gloves currently unavailable)
MR       .....                  (boots currently unavailable)
Stlth    +.........             (no amulet)
HPRegen  0.12/turn              (ring currently unavailable)
MPRegen  0.09/turn              (ring currently unavailable)

@: pig-form (expiring), very quick
A: small, permanent stasis, dig shafts and tunnels, four strong arms
a: no special abilities


You were on level 2 of the Dungeon.
You were not hungry.
You were a filthy swine.
You visited 1 branch of the dungeon, and saw 2 of its levels.

You collected 67 gold pieces.

Inventory:

Hand Weapons
 a - a +0 long sword (melded)
Armour
 c - a +0 kite shield (melded)
 l - a +0 pair of gloves (melded)
 r - a +0 plate armour (melded)
Jewellery
 m - a ring of protection from cold (melded)
Scrolls
 g - a scroll of random uselessness {unknown}
 h - 2 scrolls of identify {unknown}
 i - a scroll of immolation {unknown}
 j - a scroll of remove curse {unknown}
 o - 3 scrolls of blinking {unknown}
 p - a scroll of amnesia {unknown}
 t - a scroll of teleportation {unknown}
Potions
 b - a potion of curing {unknown}
 d - a potion of might
 e - a potion of brilliance {unknown}
 k - a potion of berserk rage {unknown}
 q - a potion of invisibility {unknown}
 s - a potion of resistance {unknown}
Comestibles
 f - 4 rations


   Skills:
 + Level 4.2 Fighting
 * Level 4.0 Long Blades
 - Level 3.2 Armour
 - Level 3.6 Shields


You had 3 spell levels left.
You didn't know any spells.
Your spell library was empty.

Dungeon Overview and Level Annotations

Branches:
Dungeon (2/15)

Altars:
Xom

Annotations:
D:2 Natasha


Innate Abilities, Weirdness & Mutations

You cannot be hasted, slowed, berserked, paralysed or teleported.
You can dig through walls and to a lower floor.
Your four strong arms can wield two-handed weapons with a shield.
((You have a pair of large antennae on your head. (SInv)))


Message History

Your +0 plate armour melds into your body.
Your ring of protection from cold melds into your body.
The white imp hits you. The white imp freezes you.
Natasha casts a spell at you. You resist with some effort.
The shadow imp sputters.
The white imp gestures at you. The puff of frost hits you!
The white imp gestures at you. The puff of frost misses you.
The shadow imp disappears in a puff of smoke!
Natasha extends her claws.
All of the chunks of flesh in your inventory have rotted away.
Your transformation is almost over.
The white imp gestures at you. The puff of frost hits you!
* * * LOW HITPOINT WARNING * * *
The white imp gestures at you. The puff of frost hits you!
You die...

........######.........(
.......##............[..<
.........................
.....####...5............
....## #..........##.###
...## #......h.### ##
...# #........# ####
#........#####..
#.......h.......
#############...


You could see Natasha and a white imp (summoned).

Vanquished Creatures
  4 gnolls (D:2)
  A worm (D:2)
  2 dart slugs (D:1)
  2 leopard geckos (D:1)
  3 giant cockroaches (D:2)
  7 goblins
  6 hobgoblins
  6 kobolds
  A ball python (D:1)
  4 bats (D:1)
  3 frilled lizards
  6 rats
45 creatures vanquished.

Notes
Turn   | Place    | Note
-------+----------+-------------------------------------------
     0 | D:1      | Restia the Formicid Fighter began the quest for the Orb.
     0 | D:1      | Reached XP level 1. HP: 18/18 MP: 1/1
   106 | D:1      | Reached XP level 2. HP: 24/24 MP: 2/2
   399 | D:1      | Reached XP level 3. HP: 30/30 MP: 3/3
  1055 | D:2      | Found a shimmering altar of Xom.
  1056 | D:2      | Found a shimmering altar of Xom.
  1056 | D:2      | Found a shimmering altar of Xom.
  1056 | D:2      | Found a shimmering altar of Xom.
  1056 | D:2      | Found a shimmering altar of Xom.
  1058 | D:2      | Found a shimmering altar of Xom.
  1064 | D:2      | Found a shimmering altar of Xom.
  1101 | D:2      | Reached XP level 4. HP: 37/37 MP: 4/4
  1425 | D:2      | Noticed Natasha
  1455 | D:2      | Killed from afar by a white imp

Illustrated notes

Levels and vault maps discovered:
D:1:      psy_arrival_statuary, layout_basic
D:2:      layout_rooms, xom_redecorated, gammafunk_temple_overflow_claw,
          minmay_misc_feat_cross, wad_floor_pattern_untrapped,
          grunt_ministairs_10, uniq_natasha

Skill      XL: |  1  2  3  4 |
---------------+-------------+-----
Long Blades    | 3 4 |  4.0
Fighting       | 4 |  4.2
Armour         | |  3.2
Shields        | |  3.6

Action                   |  1- 3 |  4- 6 || total
-------------------------+-------+-------++-------
Melee: Long sword        |   115 |    52 ||   167
 Abil: Dig               |       |     2 ||     2
  Eat: Chunk             |     1 |     1 ||     2
Armor: Scale mail        |    37 |       ||    37
       Plate armour      |    18 |    24 ||    42
Dodge: Dodged            |    37 |     4 ||    41
Block: Kite shield       |    81 |    18 ||    99
       Rpst.: Long sword |    10 |       ||    10

Table legend:
 A = Non-vault XP
 B = Vault XP
 C = Vault XP percentage of total XP
 D = Non-vault monster count
 E = Vault monster count
 F = Vault count percentage of total count
                 A         B        C        D         E       F
            +---------+---------+-------+---------+---------+-------
      Total |     131 |       4 |   3.0 |      43 |       2 |   4.4
            +---------+---------+-------+---------+---------+-------
        D:1 |      47 |       0 |   0.0 |      26 |       0 |   0.0
        D:2 |      84 |       4 |   4.5 |      17 |       2 |  10.5
            +---------+---------+-------+---------+---------+-------
